 Dungeon Crawl Stone Soup version 0.30-a0-364-gf6b3ef1049 (webtiles) character file.

Game seed: 1225733105707782556

1999 mopl the Thaumaturge (level 9, 0/57 HPs)
             Began as a Mummy Fire Elementalist on Nov 14, 2022.
             Was a Priest of Vehumet.
             Slain by a killer bee (5 damage)
             ... on level 7 of the Dungeon.
             The game lasted 00:10:26 (6520 turns).

mopl the Thaumaturge (Mummy Fire Elementalist)      Turns: 6520, Time: 00:10:27

Health: 0/57       AC:  6    Str: 11    XL:     9   Next: 2%
Magic:  10/21      EV: 12    Int: 18    God:    Vehumet [***...]
Gold:   445        SH:  0    Dex: 13    Spells: 11/24 levels left

rFire   . . .      SeeInvis +    q - +1 whip (venom)
rCold   + . .      Faith    +    (no shield)
rNeg    + + +      Spirit   .    a - +0 robe
rPois   ∞          Reflect  .    p - +2 hat
rElec   .          Harm     .    o - +1 cloak
rCorr   .          Rampage  .    (no gloves)
Will    +....                    (no boots)
Stlth   ++........               w - amulet of regeneration
HPRegen 1.09/turn                i - ring of protection from fire
MPRegen 0.17/turn                l - ring of see invisible

@: no status effects
A: cold resistance 1, negative energy resistance 3, torment resistance 2, heat
vulnerability 1, in touch with death 1, no potions, faith
a: Renounce Religion


You were on level 7 of the Dungeon.
You worshipped Vehumet.
Vehumet was most pleased with you.
You visited 1 branch of the dungeon, and saw 7 of its levels.

You collected 445 gold pieces.

Inventory:

Hand Weapons
 c - a +0 short sword of speed
 n - a +0 mace of draining
 q - a +1 whip of venom (weapon)
 y - a +1 dagger of flaming
Missiles
 f - 10 poisoned darts
 g - 6 javelins
 h - 3 throwing nets
 s - 5 boomerangs
Armour
 a - a +0 robe (worn)
 o - a +1 cloak (worn)
 p - a +2 hat (worn)
Jewellery
 i - a ring of protection from fire (left hand)
 k - a +6 ring of strength
 l - a ring of see invisible (right hand)
 w - an amulet of regeneration (around neck)
Wands
 r - a wand of flame (16)
 x - a wand of paralysis (7)
Scrolls
 b - 16 scrolls of identify
 d - 7 scrolls of teleportation
 e - a scroll of brand weapon
 j - 3 scrolls of amnesia
 m - 2 scrolls of enchant weapon
 t - a scroll of enchant armour
 u - a scroll of immolation
 v - 2 scrolls of poison


   Skills:
 - Level 1.5 Dodging
 - Level 1.5 Stealth
 * Level 8.1 Spellcasting
 * Level 5.2 Conjurations
 - Level 2.0 Translocations
 * Level 5.9 Fire Magic
 - Level 2.0 Air Magic


You had 11 spell levels left.
You knew the following spells:

 Your Spells              Type           Power      Damage    Failure   Level
a - Stone Arrow           Conj/Erth      32%        3d9       2%          3
b - Scorch                Fire           56%        2d8       1%          2
c - Kindle Blastsparks    Fire/Tloc/Air  38%        2d13      2%          3
d - Flame Wave            Conj/Fire      27%        2d9       2%          4
e - Foxfire               Conj/Fire      100%       2x1d9     1%          1

Your spell library contained the following spells:

 Spells                   Type           Power      Damage    Failure   Level
 Mephitic Cloud           Conj/Pois/Air  16%        N/A       3%          3
 Inner Flame              Hex/Fire       18%        N/A       2%          3
 Gell's Gravitas          Tloc           14%        N/A       13%         3
 Teleport Other           Tloc           14%        N/A       13%         3
 Portal Projectile        Hex/Tloc       20%        N/A       19%         3
 Call Canine Familiar     Summ           7%         N/A       28%         3
 Leda's Liquefaction      Hex/Erth       3%         N/A       67%         4
 Dispersal                Tloc           7%         N/A       100%        6
 Summon Cactus Giant      Summ           3%         N/A       100%        6


Dungeon Overview and Level Annotations

Branches:
Dungeon (7/15)             Temple (0/1) D:7

Altars:
Gozag
Vehumet
Xom

Shops:
D:6 :   D:7 *!:[

Annotations:
D:2 Sigmund
D:4 1 runed translucent door, Crazy Yiuf


Innate Abilities, Weirdness & Mutations

You are immune to poison.
Your flesh is cold resistant. (rC+)
You are immune to negative energy. (rN+++)
You are immune to unholy pain and torment.
You are vulnerable to heat. (rF-)
You are in touch with the powers of death.
You do not drink.
You have a special connection with the divine. (Faith)


Message History

The killer bee stings you! The killer bee closely misses you.
Unknown command.
Unknown command.
Casting: Scorch (safe; 1% risk of failure)
Confirm with . or Enter, or press ? or * to list all spells.
Flames lash the killer bee.
The killer bee is burned terribly!
You kill the killer bee!
Vehumet accepts your kill. The killer bee stings you.
The killer bee completely misses you. The killer bee barely misses you.
The killer bee stings you but does no damage.
You have reached level 9!
Your experience leads to an increase in your attributes!
Increase (S)trength, (I)ntelligence, or (D)exterity?
You feel clever. x2
Casting: Scorch (safe; 1% risk of failure)
Confirm with . or Enter, or press ? or * to list all spells.
Flames lash the killer bee.
The killer bee is heavily wounded.
The killer bee's fire resistance burns away.
The killer bee stings you.
* * * LOW HITPOINT WARNING * * *
The killer bee stings you but does no damage.
The killer bee stings you.
* * * LOW HITPOINT WARNING * * *
The killer bee closely misses you.
Unknown command.
Casting: Scorch (safe; 1% risk of failure)
Confirm with . or Enter, or press ? or * to list all spells.
Flames lash the killer bee.
The killer bee is moderately wounded.
The killer bee's fire resistance burns away.
The killer bee stings you.
* * * LOW HITPOINT WARNING * * *
The killer bee stings you.
* * * LOW HITPOINT WARNING * * *
The killer bee stings you.
* * * LOW HITPOINT WARNING * * *
The killer bee stings you.
You die...

..# ..# ..# ### ... ..#
.## ###########.# ...
..........#†# .##
####..#.##.#y# ..
...........#y#
#######...#.####@#
.....##.!.#.....y#
...#.##...............#
#.##.##..############.#
#.##.##...........#
#.##.##...#######.#
#.#.......#.....#.#
#.#####.#.#.###.#.###.#
...)........#..........


You could see 3 killer bees.

Vanquished Creatures
  A wyvern (D:7)
  A steam dragon (D:6)
  Eustachio (D:5)
  Menkaure (D:5)
  2 water moccasins
  An ice beast (D:6)
  An ogre (D:5)
  A bullfrog (D:7)
  A necrophage (D:5)
  3 scorpions
  2 wights (D:7)
  A killer bee (D:7)
  2 howler monkeys
  3 hounds
  2 orc priests (D:6)
  2 jellies
  Ijyb (D:5)
  An iguana (D:7)
  3 orc wizards
  6 adders
  A shadow imp (D:5)
  4 white imps
  3 ufetubi (D:7)
  2 worms
  2 dart slugs
  34 orcs
  2 ball pythons
  5 bats
  4 endoplasms
  4 giant cockroaches
  2 goblins
  4 hobgoblins
  7 jackals (D:2)
  4 quokkas
  A frilled lizard (D:3)
  5 rats
120 creatures vanquished.

Vanquished Creatures (others)
  A demonic plant (D:7)
  9 foxfires (D:1)
  A plant (D:1)
  7 withered plants (D:1)
18 creatures vanquished.

Grand Total: 138 creatures vanquished

Notes
Turn   | Place    | Note
-------+----------+-------------------------------------------
     0 | D:1      | mopl the Mummy Fire Elementalist began the quest for the
                  | Orb.
     0 | D:1      | Reached XP level 1. HP: 13/13 MP: 4/4
    78 | D:1      | Found a faded altar of an unknown god.
   118 | D:1      | Reached skill level 1 in Conjurations
   253 | D:1      | Reached skill level 3 in Spellcasting
   371 | D:1      | Reached XP level 2. HP: 19/19 MP: 4/6
   374 | D:1      | Learned a level 2 spell: Scorch
  1340 | D:2      | Gained mutation: You are in touch with the powers of death.
                  | [Mummy growth]
  1340 | D:2      | Reached XP level 3. HP: 24/24 MP: 2/7
  1385 | D:2      | Noticed Sigmund
  1536 | D:2      | Found a radiant altar of Vehumet.
  1545 | D:2      | Became a worshipper of Vehumet
  1831 | D:2      | Learned a level 3 spell: Kindle Blastsparks
  2087 | D:3      | Reached skill level 3 in Fire Magic
  2566 | D:4      | Found a shimmering altar of Xom.
  2612 | D:4      | Reached * piety under Vehumet
  2612 | D:4      | Offered knowledge of Kiss of Death by Vehumet.
  2613 | D:4      | Reached XP level 4. HP: 30/30 MP: 6/9
  2846 | D:3      | Reached skill level 4 in Spellcasting
  2973 | D:4      | Learned a level 4 spell: Flame Wave
  3001 | D:4      | Reached skill level 2 in Conjurations
  3096 | D:4      | Reached XP level 5. HP: 35/35 MP: 6/11
  3343 | D:4      | Reached skill level 1 in Translocations
  3343 | D:4      | Reached skill level 1 in Air Magic
  3388 | D:4      | Reached XP level 6. HP: 35/41 MP: 1/13
  3546 | D:4      | Found a runed translucent door.
  3547 | D:4      | Noticed Crazy Yiuf
  3612 | D:5      | Entered Level 5 of the Dungeon
  3613 | D:5      | Noticed Menkaure
  3616 | D:5      | Killed Menkaure
  3617 | D:5      | Reached skill level 5 in Spellcasting
  3705 | D:5      | Offered knowledge of Static Discharge by Vehumet.
  3706 | D:5      | Reached skill level 4 in Fire Magic
  3712 | D:5      | Reached skill level 3 in Conjurations
  3726 | D:5      | Reached ** piety under Vehumet
  3727 | D:5      | Reached XP level 7. HP: 46/46 MP: 5/14
  4128 | D:5      | Noticed Ijyb
  4133 | D:5      | Killed Ijyb
  4177 | D:5      | Noticed Eustachio
  4347 | D:5      | Killed Eustachio
  4348 | D:5      | Reached skill level 2 in Translocations
  4462 | D:5      | Reached skill level 2 in Air Magic
  4776 | D:6      | Reached skill level 6 in Spellcasting
  4990 | D:6      | Found Guacibba's Book Shoppe.
  5069 | D:6      | Found an opulent altar of Gozag.
  5123 | D:6      | Reached skill level 4 in Conjurations
  5123 | D:6      | Reached XP level 8. HP: 48/52 MP: 6/17
  5139 | D:6      | Offered knowledge of Stone Arrow by Vehumet.
  5324 | D:6      | Reached skill level 5 in Fire Magic
  5459 | D:6      | Reached skill level 7 in Spellcasting
  5756 | D:7      | Learned a level 3 spell: Stone Arrow
  5877 | D:7      | Found a staircase to the Ecumenical Temple.
  5896 | D:7      | Reached *** piety under Vehumet
  5898 | D:7      | Reached skill level 5 in Conjurations
  5910 | D:7      | Found Jopej's Book Emporium.
  6018 | D:7      | Found Maze's Armour Shoppe.
  6076 | D:7      | Reached skill level 8 in Spellcasting
  6085 | D:7      | Found Qegyt's Distillery.
  6111 | D:7      | Offered knowledge of Mephitic Cloud by Vehumet.
  6356 | D:7      | Found Pavypn's General Store.
  6519 | D:7      | Reached XP level 9. HP: 21/57 MP: 13/21
  6520 | D:7      | Slain by a killer bee

Illustrated notes

Levels and vault maps discovered:
D:1:      kennysheep_arrival_forest, layout_basic,
          shapermc_ecumenical_altar_flowoftime
D:2:      layout_basic, basic_altar, uniq_sigmund
D:3:      layout_basic, chequers_mini_garden, st_stairs_5,
          grunt_decor_resistance
D:4:      layout_rooms, kennysheep_little_box, patterned_corridor,
          uniq_crazy_yiuf_cottage
D:5:      wander_river, layout_basic, uniq_menkaure, uniq_ijyb, uniq_eustachio
D:6:      layout_loops_ring, mainiacjoe_overflow_alcove_1,
          nicolae_gozag_cash_rules_everything_around_me, serial_shops, shop,
          minivault_19
D:7:      layout_basic, minmay_temple_entry_slanted, serial_demonic,
          serial_demonic_g, serial_demonic_f, serial_demonic_f,
          serial_demonic_a, serial_shops, nicolae_shop_trees,
          nicolae_diamond_shop, shop, nicolae_shop_window_shopping,
          nicolae_stop_n_shop_1, kennysheep_flooded_box

Skill      XL: |  1  2  3  4  5  6  7  8 |
---------------+-------------------------+-----
Conjurations   | 1 2 3 4 5 |  5.2
Spellcasting   | 3 4 5 6 8 |  8.1
Fire Magic     | 3 4 5 |  5.9
Translocations | 1 2 |  2.0
Air Magic      | 1 2 |  2.0
Dodging        | |  1.5
Stealth        | |  1.5

Action                   |  1- 3 |  4- 6 |  7- 9 || total
-------------------------+-------+-------+-------++-------
Melee: Unarmed           |    45 |       |       ||    45
       Short sword       |    79 |     4 |       ||    83
       Whip              |       |    14 |    28 ||    42
       Punch             |       |       |     1 ||     1
 Cast: Foxfire           |     8 |       |       ||     8
       Scorch            |    36 |    43 |   106 ||   185
       Kindle Blastspark |       |       |     1 ||     1
Evoke: Wand              |       |       |     4 ||     4
  Use: Scroll            |     2 |     2 |     5 ||     9
 Stab: Sleeping          |     2 |       |       ||     2
Armor: Robe              |    21 |     7 |    62 ||    90
Dodge: Dodged            |    72 |    23 |   115 ||   210

Table legend: (Time is in decaauts)
 A = Elapsed time spent in this place.
 B = Non-inter-level travel time spent in this place.
 C = Inter-level travel time spent in this place.
 D = Time resting spent in this place.
 E = Time spent auto-exploring this place.
 F = Levels seen in this place.
 G = Mean time per level.
                   A        B        C        D        E       F      G
               +--------+--------+--------+--------+--------+-----+--------+
         Total |   6527 |   6335 |    192 |    848 |   4430 |   7 |  932.4 |
       Dungeon |   6527 |   6335 |    192 |    848 |   4430 |   7 |  932.4 |
               +--------+--------+--------+--------+--------+-----+--------+

Top non-repeatable levels by time:
     D:4: 1029 daAuts
     D:6: 1026 daAuts
     D:2: 1025 daAuts
     D:5: 978 daAuts
     D:3: 876 daAuts
     D:7: 821 daAuts
     D:1: 770 daAuts
